 Dungeon Crawl Stone Soup version 0.20.0-10-g0535bb4 (webtiles) character file.

5215 Hook the Geomancer (level 10, -15/74 HPs)
             Began as a Formicid Earth Elementalist on June 7, 2017.
             Was a Believer of Vehumet.
             Demolished by a death yak (17 damage)
             ... on level 9 of the Dungeon.
             The game lasted 00:48:45 (11368 turns).

Hook the Geomancer (Formicid Earth Elementalist)   Turns: 11368, Time: 00:48:45

Health: -15/74     AC: 10    Str: 12    XL:     10   Next: 91%
Magic:  9/32       EV: 13    Int: 19    God:    Vehumet [**....]
Gold:   661        SH:  0    Dex: 11    Spells: 3/27 levels left

rFire    . . .     SeeInvis +   l - +7 mace (protect)
rCold    . . .     Gourm    .   (no shield)
rNeg     . . .     Faith    .   c - +2 robe
rPois    .         Spirit   .   (helmet unavailable)
rElec    .         Reflect  .   r - +2 cloak
rCorr    .         Harm     .   y - +2 pair of gloves
MR       +....     Clarity  +   (no boots)
Stlth    +++.......             (no amulet)
Regen    0.3/turn               f - ring of magical power
MPRegen  0.3/turn               (no ring)

@: very slightly contaminated
A: permanent stasis, dig shafts and tunnels, four strong arms, antennae 3,
clarity
a: Dig, Shaft Self, Renounce Religion


You were on level 9 of the Dungeon.
You worshipped Vehumet.
Vehumet was pleased with you.
You were not hungry.

You visited 2 branches of the dungeon, and saw 10 of its levels.

You collected 661 gold pieces.

Inventory:

Hand Weapons
 l - a +7 mace of protection (weapon)
Missiles
 b - 92 stones (quivered)
 j - a throwing net
 A - 5 steel tomahawks
 B - 12 tomahawks
Armour
 c - a +2 robe (worn)
 r - a +2 cloak (worn)
 y - a +2 pair of gloves (worn)
 G - a +1 pair of gloves
Magical Staves
 I - an uncursed staff of poison
Jewellery
 f - a ring of magical power (left hand)
 n - an uncursed amulet of the gourmand {unknown}
Wands
 d - a wand of digging (5/24)
 w - a wand of paralysis (12/24)
 E - a wand of disintegration (21/24)
 F - a wand of confusion (26/48)
Scrolls
 g - a scroll of identify
 h - 3 scrolls of enchant armour
 k - 4 scrolls of remove curse
 p - a scroll of fog
Potions
 o - 4 potions of flight {unknown}
 s - 4 potions of curing {unknown}
 t - 2 potions of degeneration {unknown}
 u - 2 potions of ambrosia {unknown}
 v - a potion of invisibility {unknown}
 z - a potion of magic {unknown}
 C - 2 potions of resistance {unknown}
 D - a potion of lignification {unknown}
 H - a potion of brilliance
Books
 e - a book of Geomancy

   Spells                             Type                      Level
   a - Sandblast                      Earth                        1
   b - Passwall                       Transmutation/Earth          2
   c - Stone Arrow                    Conjuration/Earth            3
   d - Petrify                        Transmutation/Earth          4
   e - Lee's Rapid Deconstruction     Earth                        5
 J - a book of Debilitation

   Spells                             Type                      Level
   a - Corona                         Hexes                        1
   b - Slow                           Hexes                        2
   c - Inner Flame                    Hexes/Fire                   3
   d - Portal Projectile              Hexes/Translocation          3
   e - Cause Fear                     Hexes                        4
   f - Leda's Liquefaction            Hexes/Earth                  4
Comestibles
 a - a bread ration
 i - 2 meat rations
 x - 10 fruits
 K - a royal jelly


   Skills:
 * Level 5.2 Fighting
 + Level 3.2 Maces & Flails
 + Level 0.2 Throwing
 * Level 4.0 Dodging
 + Level 4.6 Stealth
 + Level 0.2 Unarmed Combat
 + Level 9.1 Spellcasting
 - Level 1.9 Conjurations
 * Level 3.1 Hexes
 - Level 5.0 Transmutations
 + Level 0.2 Air Magic
 - Level 10.0 Earth Magic


You had 3 spell levels left.
You knew the following spells:

 Your Spells              Type           Power        Failure   Level  Hunger
a - Sandblast             Erth           #####.       1%          1    None
b - Passwall              Tmut/Erth      #####.....   1%          2    None
c - Stone Arrow           Conj/Erth      ####..       1%          3    None
d - Petrify               Tmut/Erth      #####...     3%          4    ###....
e - Lee's Rapid Deconstr  Erth           #####.....   3%          5    #####..
f - Shock                 Conj/Air       ##..         5%          1    None
g - Inner Flame           Hex/Fire       ##......     13%         3    None
h - Leda's Liquefaction   Hex/Erth       ####......   5%          4    ###....
i - Corona                Hex            ###....      2%          1    None


Dungeon Overview and Level Annotations

Branches:
Dungeon (9/15)             Temple (1/1) D:6
   Lair: D:8-11         Orc: D:9-12

Altars:
Ashenzari
Cheibriados
Dithmenos
Elyvilon
Fedhas
Gozag
Hepliaklqana
Kikubaaqudgha
Makhleb
Nemelex Xobeh
Okawaru
Qazlal
Ru
Sif Muna
Trog
Uskayaw
Vehumet
Xom
Yredelemnul
Zin
The Shining One
Lugonu

Shops:
D:4 :   D:5 (   D:6 %}[


Innate Abilities, Weirdness & Mutations

You cannot be hasted, slowed, berserked, paralysed or teleported.
You can dig through walls and to a lower floor.
Your four strong arms can wield two-handed weapons with a shield.
You have a pair of large antennae on your head. (SInv)
You possess an exceptional clarity of mind.


Message History

Aim: a death yak (almost dead)
The blast of sand hits the death yak.
The death yak is almost dead.
b - 93 stones The death yak gores you but does no damage.
You feel much better. The death yak gores you!
You barely miss the death yak.
The death yak is almost dead.
The death yak gores you!!
* * * LOW HITPOINT WARNING * * *
Casting: Sandblast
Confirm with . or Enter, or press ? or * to list all spells.
Aiming: Sandblast
Press: ? - help, Shift-Dir - straight line, f/p - death yak
Aim: a death yak (almost dead)
The blast of sand hits the death yak.
The death yak is almost dead.
b - 92 stones The death yak gores you!
You die...

#......#############.##
# ##+##### ##....# .
#..#### .# #####.#####
.. #.........#
#.#######+## #.........#
Y..........# #.........#
#.+........###...?.....#
###........#§§.Y@......#
#.....Y..#§#.........#
#......Y.#.#.........#
#..........#.........#
#........#.#.........#
######################


You could see a death yak.

Vanquished Creatures
  Joseph (D:8)
  2 trolls (D:9)
  2 hippogriffs
  Grinder (D:6)
  A yak (D:9)
  Eustachio (D:6)
  2 orc warriors (D:6)
  2 sky beasts (D:6)
  An ice beast (D:8)
  2 ogres
  9 centaurs
  2 big kobolds
  5 bullfrogs
  A gnoll sergeant (D:6)
  5 killer bees (D:4)
  2 electric eels (D:8)
  3 wights (D:7)
  2 howler monkeys (D:7)
  2 crimson imps
  9 hounds
  A bullfrog zombie (D:9)
  A jelly (D:6)
  Crazy Yiuf (D:2)
  5 orc priests
  2 gnoll shamans (D:6)
  An iguana (D:5)
  6 orc wizards
  A worker ant (D:6)
  A hound zombie (D:5)
  A howler monkey zombie (D:5)
  14 gnolls
  13 adders
  2 oozes
  3 worms
  A dart slug (D:1)
  4 leopard geckos
  18 orcs
  2 ball pythons
  4 giant cockroaches
  20 hobgoblins
  8 jackals
  18 kobolds
  2 quokkas
  7 bats
  5 frilled lizards
  6 goblins
  A quokka skeleton (D:4)
  A quokka zombie (D:6)
  8 rats
  A plant (D:6)
213 creatures vanquished.

Vanquished Creatures (others)
  5 dream sheep (D:5)
5 creatures vanquished.

Grand Total: 218 creatures vanquished

Notes
Turn   | Place    | Note
-------+----------+-------------------------------------------
     0 | D:1      | Hook the Formicid Earth Elementalist began the quest for the Orb.
     0 | D:1      | Reached XP level 1. HP: 13/13 MP: 3/3
   109 | D:1      | Reached skill level 4 in Earth Magic
   253 | D:1      | Reached XP level 2. HP: 19/19 MP: 5/5
   356 | D:1      | Learned a level 2 spell: Passwall
   537 | D:1      | Reached XP level 3. HP: 24/24 MP: 6/6
   892 | D:2      | Found a faded altar of an unknown god.
   971 | D:2      | Reached XP level 4. HP: 29/31 MP: 8/8
  1141 | D:2      | Reached skill level 1 in Fighting
  1239 | D:2      | Found a runed door.
  1244 | D:2      | Noticed Crazy Yiuf
  1251 | D:2      | Killed Crazy Yiuf
  1605 | D:3      | Reached skill level 5 in Earth Magic
  1605 | D:3      | Reached XP level 5. HP: 30/37 MP: 9/9
  1763 | D:3      | Learned a level 3 spell: Stone Arrow
  2634 | D:3      | Reached XP level 6. HP: 44/44 MP: 11/11
  3060 | D:4      | Found a snail-covered altar of Cheibriados.
  3216 | D:4      | Reached skill level 1 in Maces & Flails
  3227 | D:4      | Reached skill level 6 in Earth Magic
  3227 | D:4      | Reached XP level 7. HP: 12/50 MP: 12/13
  3554 | D:5      | Entered Level 5 of the Dungeon
  3838 | D:5      | Found a shadowy altar of Dithmenos.
  3902 | D:5      | Found a shimmering altar of Xom.
  3902 | D:5      | Noticed a dream sheep
  3902 | D:5      | Noticed a dream sheep
  3902 | D:5      | Noticed a dream sheep
  3902 | D:5      | Noticed a dream sheep
  3902 | D:5      | Noticed a dream sheep
  3907 | D:5      | Killed a dream sheep
  3907 | D:5      | Killed a dream sheep
  3909 | D:5      | Killed a dream sheep
  3910 | D:5      | Killed a dream sheep
  3912 | D:5      | Killed a dream sheep
  3960 | D:5      | Found a shattered altar of Ashenzari.
  4266 | D:5      | Found Uzacw's Antique Weapon Shop.
  4643 | D:5      | Reached skill level 5 in Spellcasting
  4992 | D:6      | Found Eczoc's Food Shop.
  5057 | D:4      | Reached skill level 7 in Earth Magic
  5067 | D:4      | Reached XP level 8. HP: 45/57 MP: 15/15
  5145 | D:4      | Found Arymeat's Book Emporium.
  5886 | D:6      | Found Qourph's Gadget Emporium.
  6039 | D:6      | Noticed Grinder
  6051 | D:6      | Killed Grinder
  6134 | D:6      | Gained mutation: You possess an exceptional clarity of mind. [mutagenic meat]
  6139 | D:6      | Found Ethroczuts's Armour Emporium.
  6211 | D:6      | Reached XP level 9. HP: 60/64 MP: 19/19
  6239 | D:6      | Learned a level 4 spell: Petrify
  6245 | D:6      | Learned a level 5 spell: Lee's Rapid Deconstruction
  6276 | D:6      | Found a staircase to the Ecumenical Temple.
  6288 | Temple   | Entered the Ecumenical Temple
  6452 | Temple   | Became a worshipper of Vehumet
  6489 | D:6      | Found a glowing golden altar of the Shining One.
  6492 | D:6      | Noticed Eustachio
  6495 | D:6      | Found a basalt altar of Yredelemnul.
  6497 | D:6      | Reached skill level 8 in Earth Magic
  6551 | D:6      | Killed Eustachio
  7593 | D:6      | Reached skill level 9 in Earth Magic
  7600 | D:6      | Reached * piety under Vehumet
  7600 | D:6      | Offered knowledge of Shock by Vehumet.
  7704 | D:6      | Reached skill level 1 in Conjurations
  7907 | D:6      | Noticed an angel
  8203 | D:7      | Reached XP level 10. HP: 73/73 MP: 21/21
  8473 | D:7      | Learned a level 1 spell: Shock
  9121 | D:7      | Learned a level 3 spell: Inner Flame
  9126 | D:7      | Learned a level 4 spell: Leda's Liquefaction
  9140 | D:7      | Reached skill level 5 in Transmutations
  9553 | D:8      | Reached ** piety under Vehumet
  9553 | D:8      | Reached skill level 1 in Hexes
  9553 | D:8      | Reached skill level 10 in Earth Magic
  9771 | D:8      | Offered knowledge of Flame Tongue by Vehumet.
  9877 | D:8      | Reached skill level 5 in Fighting
 10049 | D:8      | Found a blossoming altar of Fedhas.
 10104 | D:8      | Found an opulent altar of Gozag.
 10216 | D:8      | Found an ancient bone altar of Kikubaaqudgha.
 10217 | D:8      | Found a white marble altar of Elyvilon.
 10230 | D:8      | Found a hide-covered altar of Uskayaw.
 10233 | D:8      | Found a glowing silver altar of Zin.
 10234 | D:8      | Found a sparkling altar of Nemelex Xobeh.
 10237 | D:8      | Found a deep blue altar of Sif Muna.
 10443 | D:8      | Noticed Joseph
 10463 | D:8      | Killed Joseph
 11067 | D:9      | Learned a level 1 spell: Corona
 11342 | D:9      | Noticed a death yak
 11345 | D:9      | Noticed a death yak
 11346 | D:9      | Noticed a death yak
 11367 | D:9      | HP: 1/74 [death yak (25)]
 11368 | D:9      | Demolished by a death yak

Skill      XL: |  1  2  3  4  5  6  7  8  9 10 |
---------------+-------------------------------+-----
Earth Magic    | 4 5 6 7 9 10 | 10.0
Dodging        | 2 4 |  4.0
Fighting       | 1 2 3 4 5 |  5.2
Spellcasting   | 3 4 5 6 7 9 |  9.1
Maces & Flails | 1 2 3 |  3.2
Transmutations | 2 3 4 5 |  5.0
Stealth        | 3 4 |  4.6
Conjurations   | 1 |  1.9
Hexes          | 3 |  3.1
Throwing       | |  0.2
Unarmed Combat | |  0.2
Air Magic      | |  0.2

Action                   |  1- 3 |  4- 6 |  7- 9 | 10-12 || total
-------------------------+-------+-------+-------+-------++-------
Melee: Unarmed           |    21 |       |       |       ||    21
       Mace              |    21 |    47 |   161 |    58 ||   287
       Staff             |       |       |       |     6 ||     6
Throw: Stone             |       |     1 |     2 |       ||     3
 Cast: Sandblast         |    43 |    55 |   123 |    23 ||   244
       Stone Arrow       |       |       |    14 |       ||    14
       Passwall          |       |       |     1 |       ||     1
       Lee's Rapid Decon |       |       |    19 |    31 ||    50
       Petrify           |       |       |    17 |    27 ||    44
       Shock             |       |       |       |     2 ||     2
       Inner Flame       |       |       |       |     1 ||     1
 Abil: Dig               |     8 |     6 |     8 |     8 ||    30
  Use: Scroll            |     6 |     7 |     1 |    10 ||    24
       Potion            |       |     1 |     1 |     1 ||     3
 Stab: Sleeping          |       |     2 |     2 |       ||     4
       Petrified         |       |       |    11 |    21 ||    32
       Petrifying        |       |       |       |     1 ||     1
  Eat: Chunk             |     2 |     4 |     9 |     4 ||    19
       Bread ration      |       |     1 |     3 |     3 ||     7
       Royal jelly       |       |       |     1 |       ||     1
       Meat ration       |       |       |     1 |       ||     1
Armor: Robe              |    14 |    45 |   105 |    39 ||   203
Dodge: Dodged            |    33 |    51 |   149 |    52 ||   285
